 Dungeon Crawl Stone Soup version 0.31.0-7-gf635a9b802 (webtiles) character file.

Game seed: 7963414083319786507

23151 Zeia the Nimble (level 13, -1/103 HPs)
             Began as a Djinni Ice Elementalist on Jan 24, 2024.
             Was a Priest of Ashenzari.
             Slain by an eight-headed hydra (12 damage)
             ... on level 4 of the Lair of Beasts.
             The game lasted 00:56:54 (16350 turns).

Zeia the Nimble (Djinni Ice Elementalist)          Turns: 16350, Time: 00:56:54

Health: -1/103     AC: 17    Str:  7    XL:     13   Next: 33%
Gold:   803        EV: 19    Int: 21    God:    Ashenzari [***...] SH:  4 Dex: 15

rFire   + + .        t - +1 dagger (speed)
rCold   x . .        m - +0 buckler of the Prophetic Regret {Sorc, Self} (curse)
rNeg    . . .        a - +0 robe
rPois   ∞            (no helmet)
rElec   .            h - +0 cloak of the Chained Ether {Elem, Bglg} (curse)
rCorr   +            n - +2 pair of gloves of Toth-Mos's Legacy {Cun, Melee} (curse)
SInv    +            (boots unavailable)
Will    ++...        (no amulet)
Stlth   ++           q - ring of Ashenzari's Repose {Will+, Fort, Sorc} (curse)
HPRegen 0.37/turn    G - ring of Ashenzari's Discomfort {rCorr, Melee, Fort} (curse)
MPRegen 0.00/turn

%: clarity, infuse magic (-2 HP)
@: ice-armoured, freezing walls, flying
A: sickness immunity, fire resistance 2, cold vulnerability 1, float, innate
caster, HP casting, extra vitality 1, iridescent scales 1, sense surroundings 1
a: Renounce Religion, Shatter the Chains


You were on level 4 of the Lair of Beasts.
You worshipped Ashenzari.
Ashenzari was most pleased with you.
You visited 3 branches of the dungeon, and saw 13 of its levels.
You also visited: Sewer.

You collected 857 gold pieces.
You spent 54 gold pieces at shops.

Inventory:

Hand Weapons
 d - a +2 dagger of venom
 t - a +1 dagger of speed (weapon)
 x - a +0 whip of electrocution
 I - a +3 dagger of distortion
Missiles
 A - a throwing net
Armour
 a - a +0 robe (worn)
 h - the cursed +0 cloak of the Chained Ether (worn) {Elem, Bglg}
   (You found it on level 4 of the Dungeon)

   It has a curse which improves the following skills: Elements: Fire Magic, Ice
   Magic, Air Magic and Earth Magic.
   Beguiling: Hexes and Translocations.
 m - the cursed +0 buckler of the Prophetic Regret (worn) {Sorc, Self}
   (You found it on level 1 of the Lair of Beasts)

   It has a curse which improves the following skills: Sorcery: Conjurations and
   Alchemy.
   Introspection: Fighting and Spellcasting.
 n - the cursed +2 pair of gloves of Toth-Mos's Legacy (worn) {Cun, Melee}
   (You bought it in a shop on level 2 of the Dungeon)

   It has a curse which improves the following skills: Cunning: Dodging and
   Stealth.
   Melee Combat: Short Blades, Long Blades, Axes, Maces & Flails, Polearms,
   Staves and Unarmed Combat.
 H - a +0 cloak
Jewellery
 q - the cursed ring of Ashenzari's Repose (left hand) {Will+, Fort, Sorc}
   (You took it off a goblin on level 4 of the Dungeon)

   [ring of willpower]

   Will+:     It increases your willpower.
   It has a curse which improves the following skills: Fortitude: Armour and
   Shields.
   Sorcery:   Conjurations and Alchemy.
 w - a ring of see invisible
 E - a ring of positive energy
 G - the cursed ring of Ashenzari's Discomfort (right hand) {rCorr, Melee, Fort}
   (You found it on level 2 of the Lair of Beasts)

   [ring of resist corrosion]

   rCorr:     It protects you from acid and corrosion.
   It has a curse which improves the following skills: Melee Combat: Short
   Blades, Long Blades, Axes, Maces & Flails, Polearms, Staves and Unarmed
   Combat.
   Fortitude: Armour and Shields.
Wands
 j - a wand of light (7)
 k - a wand of polymorph (3)
 y - a wand of iceblast (13)
 B - a wand of mindburst (15)
 D - a wand of charming (7)
 L - a wand of flame (7)
Scrolls
 b - a scroll of teleportation
 c - a scroll of vulnerability
 l - 3 scrolls of fog
 p - 2 scrolls of enchant weapon
 C - 3 scrolls of immolation
 F - 2 scrolls of torment
Potions
 e - 4 potions of mutation
 f - 2 potions of cancellation
 g - a potion of attraction
 o - 3 potions of degeneration
 r - a potion of brilliance
 s - a potion of lignification
 u - a potion of enlightenment
 v - a potion of ambrosia
 z - a potion of berserk rage
 J - 4 potions of heal wounds
 K - a potion of haste
 M - 3 potions of curing


   Skills:
 + Level 12.0(13.4) Fighting
 + Level 13.2(14.6) Dodging
 - Level 1.5(2.6) Stealth
 * Level 11.2(12.7) Spellcasting
 * Level 11.2(13.4) Conjurations
 * Level 11.2(12.7) Hexes
   Level 0.0 Charms
 * Level 11.2 Summonings
 * Level 11.2 Necromancy
 * Level 11.2(12.7) Translocations
   Level 0.0 Transmutations
 * Level 11.2(12.7) Fire Magic
 * Level 11.2(12.7) Ice Magic
 * Level 11.2(12.7) Air Magic
 * Level 11.2(12.7) Earth Magic
 * Level 11.2(13.4) Alchemy


You knew the following spells:

 Your Spells              Type           Power      Damage    Failure   Level
a - Freeze                Ice            100%       1d10      1%          1
b - Frozen Ramparts       Ice            100%       1d16      1%          3
c - Ozocubu's Armour      Ice            61%        N/A       1%          3
d - Summon Ice Beast      Ice/Summ       59%        N/A       1%          3
e - Summon Small Mammal   Summ           100%       N/A       1%          1
f - Scorch                Fire           100%       2d9       1%          2
g - Dazzling Flash        Conj/Hex       100%       N/A       1%          3
h - Passage of Golubria   Tloc           61%        N/A       1%          4
i - Ignite Poison         Fire/Alch      62%        N/A       1%          4
j - Borgnjor's Vile Clut  Necr/Erth      29%        N/A       1%          5
Your spell library was empty.

Dungeon Overview and Level Annotations

Branches:
Dungeon (8/15)             Temple (1/1) D:7            Lair (4/5) D:8
  Snake (0/4) Lair:2        Slime (0/5) Lair:4        Sewer (visited)
  Swamp: Lair:2-3    Shoals: Lair:2-3

Altars:
Ashenzari
Cheibriados
Dithmenos
Elyvilon
Fedhas
Gozag
Makhleb
Okawaru
Qazlal
Ru
Wu Jian
Xom
Yredelemnul
Zin
The Shining One

Shops:
D:2 :**(

Annotations:
D:4 2 transporters
D:5 2 transporters, ggggg's ghost, amateur GnHu
D:6 2 transporters
Lair:2 3 runed translucent doors, exclusions: downstairs, 2 electric eels and 4 more exclusions, zenocrate's ghost, novice VSEn
Lair:3 exclusion: downstairs


Innate Abilities, Weirdness & Mutations

You are immune to sickness and miasma.
You are immune to poison.
Your flesh is very heat resistant. (rF++)
You are vulnerable to cold. (rC-)
You float through the air rather than walking.
You learn spells naturally, not from books.
Your magical power is your life essence.
You have superior vitality. (+4 MHP)
You are partially covered in iridescent scales. (AC +2)
You passively map a small area around you.


Message History

Your ice beast hits the skyshark.
Your ice beast freezes the skyshark!
Unknown command.
Casting: Scorch (safe; 1% risk of failure)
Confirm with . or Enter, or press ? or * to list all spells.
Flames lash the skyshark.
The skyshark is almost dead.
The skyshark's fire resistance burns away.
* * * LOW HITPOINT WARNING * * *
The ice encasing you melts away.
The wall freezes the eight-headed hydra!
The eight-headed hydra bites you!
* * * LOW HITPOINT WARNING * * *
The eight-headed hydra bites you.
* * * LOW HITPOINT WARNING * * *
The eight-headed hydra completely misses you.
The eight-headed hydra bites you but does no damage.
The eight-headed hydra barely misses you.
The eight-headed hydra bites you!
* * * LOW HITPOINT WARNING * * *
The eight-headed hydra barely misses you.
The eight-headed hydra bites you but does no damage.
Your ice beast hits the skyshark.
Your ice beast freezes the skyshark!
The skyshark seems to slow down.
The skyshark dies!
Your base Fighting skill increases to level 12!
You feel much better.
Your ice beast hits the eight-headed hydra.
Your ice beast freezes the eight-headed hydra!
The eight-headed hydra seems to slow down.
The wall freezes the eight-headed hydra.
The eight-headed hydra closely misses you.
You block the eight-headed hydra's attack. x2
The eight-headed hydra bites you.
* * * LOW HITPOINT WARNING * * *
The eight-headed hydra completely misses you.
The eight-headed hydra closely misses you.
The eight-headed hydra bites you.
* * * LOW HITPOINT WARNING * * *
The eight-headed hydra bites you!
You die...

, * , .+.......##
, > ............
,, , ,..........[
, ,, ,,
........... , ,
.........., , , *
#P......# , ,
*###.......# *+ *
*,#@D.......# , ,
#...Y.+<.....#* ,
,
+......##........
,
##P....##......##
* ,
##...P##......# *
*#..P..#........#
###...#........#
* ,
..+##P........ ,
, ,.......... ,


You could see an eight-headed hydra (slow, ally target) and a friendly ice beast
(summoned).

Vanquished Creatures
  Josephine (Lair:4)
  4 hydras
  A death yak (Lair:2)
  Urug (Lair:2)
  Sonja (Lair:3)
  Pikel (D:6)
  4 black mambas
  A torpor snail (Lair:2)
  5 cane toads
  2 rime drakes
  A komodo dragon (Lair:4)
  9 blink frogs
  3 wraiths (Lair:4)
  3 wyverns
  6 yaks
  3 basilisks
  A steam dragon (Lair:1)
  8 water moccasins
  A black bear (D:5)
  3 sky beasts
  3 ice beasts (D:7)
  7 wolves
  2 ogres
  2 lemures (D:6)
  2 phantoms (D:6)
  13 bullfrogs
  A scorpion (D:7)
  A bombardier beetle (D:4)
  A lava snake (Lair:2)
  4 orc priests
  2 jellies
  5 hounds
  2 sleepcaps (D:6)
  Jessica (D:2)
  3 iguanas
  3 orc wizards
  6 hell rats (Lair:2)
  12 river rats (Lair:2)
  11 adders
  4 gnolls
  A shadow imp (D:6)
  A white imp (D:7)
  3 ufetubi (D:7)
  A ribbon worm (D:3)
  8 dart slugs
  23 orcs
  8 ball pythons
  A bat (D:3)
  8 endoplasms
  9 giant cockroaches
  8 goblins
  9 hobgoblins
  4 jackals (D:1)
  7 kobolds
  10 quokkas
  16 frilled lizards
  12 rats
273 creatures vanquished.

Vanquished Creatures (collateral kills)
  A death yak (Lair:2)
  A skyshark (Lair:4)
  A salamander (Lair:2)
  4 cane toads
  2 rime drakes
  3 blink frogs (Lair:3)
  A wyvern (Lair:3)
  5 yaks
  2 basilisks
  A water moccasin (Lair:1)
  3 wolves
  A centaur (D:8)
  A phantom (D:6)
  A kobold brigand (D:7)
  4 bullfrogs
  2 howler monkeys (D:6)
  2 jellies
  2 lava snakes (Lair:2)
  A gnoll bouda (D:8)
  A gnoll (D:8)
  A shadow imp (D:8)
  An ufetubus (D:7)
  5 orcs (D:6)
  A giant cockroach (D:4)
  A kobold (D:7)
48 creatures vanquished.

Grand Total: 321 creatures vanquished

Notes
Turn   | Place    | Note
-------+----------+-------------------------------------------
     0 | D:1      | Zeia the Djinni Ice Elementalist began the quest for the
                  | Orb.
     0 | D:1      | Zeia set off with the following spells memorised: Freeze,
                  | Frozen Ramparts, Ozocubu's Armour, Summon Ice Beast.
     0 | D:1      | Reached XP level 1. HP: 15/15 MP: 0/0
    64 | D:1      | Reached XP level 2. HP: 20/22 MP: 0/0
   281 | D:1      | Reached skill level 1 in Fighting
   616 | D:1      | Reached XP level 3. HP: 22/27 MP: 0/0
   616 | D:1      | Learned a level 1 spell: Summon Small Mammal
  1228 | D:2      | Found Jeawk's Antique Weapon Emporium.
  1259 | D:2      | Found Plog's General Store.
  1397 | D:2      | Noticed Jessica
  1405 | D:2      | Killed Jessica
  1406 | D:2      | Reached skill level 3 in Dodging
  1406 | D:2      | Reached XP level 4. HP: 30/33 MP: 0/0
  1742 | D:2      | Found Tuzakhludega's Book Boutique.
  1752 | D:2      | Found Hyll's General Store.
  1757 | D:2      | Bought a +0 pair of gloves for 54 gold pieces
  2343 | D:3      | Found a glowing silver altar of Zin.
  2435 | D:3      | Reached XP level 5. HP: 21/38 MP: 0/0
  2435 | D:3      | Learned a level 2 spell: Scorch
  3022 | D:4      | Found a transporter.
  3077 | D:4      | Found a transporter.
  3146 | D:4      | Reached skill level 4 in Dodging
  3146 | D:4      | Reached XP level 6. HP: 36/45 MP: 0/0
  3192 | D:4      | Found a glowing drain.
  3205 | Sewer    | Entered a sewer
  3308 | Sewer    | Reached XP level 7. HP: 16/51 MP: 0/0
  3308 | Sewer    | Learned a level 3 spell: Dazzling Flash
  3588 | Sewer    | Reached skill level 5 in Dodging
  3723 | D:4      | Reached skill level 5 in Spellcasting
  3723 | D:4      | Reached skill level 5 in Conjurations
  3723 | D:4      | Reached skill level 5 in Hexes
  3723 | D:4      | Reached skill level 5 in Summonings
  3723 | D:4      | Reached skill level 5 in Necromancy
  3723 | D:4      | Reached skill level 5 in Translocations
  3723 | D:4      | Reached skill level 5 in Fire Magic
  3723 | D:4      | Reached skill level 5 in Ice Magic
  3723 | D:4      | Reached skill level 5 in Air Magic
  3723 | D:4      | Reached skill level 5 in Earth Magic
  3723 | D:4      | Reached skill level 5 in Alchemy
  4182 | D:5      | Entered Level 5 of the Dungeon
  4304 | D:5      | Reached XP level 8. HP: 28/58 MP: 0/0
  4484 | D:5      | Found a transporter.
  4484 | D:5      | Found a transporter.
  4494 | D:5      | Noticed ggggg's ghost (amateur GnHu)
  4521 | D:5      | Identified the +3 trident of Rops {venom, *Rage Int+2 SInv
                  | Stlth+}
  4521 | D:5      | Identified the +2 ring mail of Tender Moments {+Inv}
  4521 | D:5      | Identified the +3 buckler of Words of Power {Int+4}
  4616 | D:5      | Found a glowing golden altar of the Shining One.
  4636 | D:5      | Reached skill level 6 in Dodging
  5057 | D:5      | Reached skill level 5 in Fighting
  5584 | D:6      | Found a transporter.
  5584 | D:6      | Noticed a kobold demonologist
  5661 | D:6      | Reached XP level 9. HP: 50/66 MP: 0/0
  5661 | D:6      | Learned a level 4 spell: Passage of Golubria
  5789 | D:6      | Noticed Pikel
  5791 | D:6      | Reached skill level 7 in Dodging
  5804 | D:6      | Killed Pikel
  5917 | D:6      | Found a transporter.
  7403 | D:7      | Reached skill level 8 in Dodging
  7639 | D:7      | Reached XP level 10. HP: 24/75 MP: 0/0
  7878 | D:7      | Found a staircase to the Ecumenical Temple.
  7884 | Temple   | Entered the Ecumenical Temple
  7909 | Temple   | Became a worshipper of Ashenzari the Shackled
  8084 | D:7      | Found a burning altar of Makhleb.
  8588 | D:8      | Reached skill level 9 in Dodging
  9187 | D:8      | Found a staircase to the Lair.
  9713 | Lair:1   | Entered Level 1 of the Lair of Beasts
  9722 | Lair:1   | Gained mutation: You passively map a small area around you.
                  | [potion of mutation]
  9722 | Lair:1   | Gained mutation: You are partially covered in iridescent
                  | scales. (AC +2) [potion of mutation]
 10060 | Lair:1   | Reached * piety under Ashenzari
 10462 | Lair:1   | Noticed a black mamba
 10476 | Lair:1   | Killed a black mamba
 10477 | Lair:1   | Reached skill level 10 in Dodging
 10746 | Lair:1   | Reached XP level 11. HP: 80/84 MP: 0/0
 10746 | Lair:1   | Learned a level 4 spell: Ignite Poison
 11476 | Lair:2   | Reached skill level 11 in Dodging
 11747 | Lair:2   | Reached skill level 10 in Fighting
 11957 | Lair:2   | Noticed Urug
 12009 | Lair:3   | Noticed Sonja
 12009 | Lair:3   | Noticed a four-headed hydra
 12309 | Lair:2   | Noticed a death yak
 12575 | Lair:2   | Killed Urug
 12681 | Lair:2   | Noticed a death yak
 12967 | Lair:2   | Killed a death yak
 12968 | Lair:2   | Reached XP level 12. HP: 38/92 MP: 0/0
 12972 | Lair:2   | Killed a death yak
 13246 | Lair:2   | Reached ** piety under Ashenzari
 13250 | Lair:2   | Found a staircase to the Snake Pit.
 13462 | Lair:2   | You are sucked into a shaft and drop 1 floor!
 13479 | Lair:3   | Killed a four-headed hydra
 13483 | Lair:3   | Killed Sonja
 13484 | Lair:3   | Reached skill level 12 in Dodging
 13725 | Lair:3   | Noticed an eight-headed hydra
 13915 | Lair:2   | Reached skill level 10 in Spellcasting
 13915 | Lair:2   | Reached skill level 10 in Conjurations
 13915 | Lair:2   | Reached skill level 10 in Hexes
 13915 | Lair:2   | Reached skill level 10 in Summonings
 13915 | Lair:2   | Reached skill level 10 in Necromancy
 13915 | Lair:2   | Reached skill level 10 in Translocations
 13915 | Lair:2   | Reached skill level 10 in Fire Magic
 13915 | Lair:2   | Reached skill level 10 in Ice Magic
 13915 | Lair:2   | Reached skill level 10 in Air Magic
 13915 | Lair:2   | Reached skill level 10 in Earth Magic
 13915 | Lair:2   | Reached skill level 10 in Alchemy
 14090 | Lair:2   | Noticed a death yak
 14127 | Lair:2   | Noticed a boulder beetle
 14132 | Lair:2   | Noticed a four-headed hydra
 14148 | Lair:2   | Killed a four-headed hydra
 14181 | Lair:2   | Found a runed translucent gate.
 14181 | Lair:2   | Noticed zenocrate's ghost (novice VSEn)
 14190 | Lair:2   | Found a runed translucent gate.
 14190 | Lair:2   | Found a runed translucent gate.
 14211 | Lair:2   | Identified the +0 hat of a Gauntlet {rCorr}
 14312 | Lair:2   | Noticed a six-headed hydra
 14323 | Lair:2   | Killed a six-headed hydra
 14978 | Lair:2   | Reached *** piety under Ashenzari
 15396 | Lair:3   | Reached XP level 13. HP: 98/102 MP: 0/0
 15396 | Lair:3   | Learned a level 5 spell: Borgnjor's Vile Clutch
 15416 | Lair:3   | Killed an eight-headed hydra
 15531 | Lair:3   | Reached skill level 13 in Dodging
 16003 | Lair:4   | Noticed a four-headed hydra
 16049 | Lair:4   | Noticed Josephine
 16073 | Lair:4   | Killed Josephine
 16119 | Lair:4   | Noticed a six-headed hydra
 16339 | Lair:4   | Noticed an eight-headed hydra
 16349 | Lair:4   | HP: 2/103 [eight-headed hydra (12)]
 16350 | Lair:4   | Slain by an eight-headed hydra

Illustrated notes

Levels and vault maps discovered:
D:1:      roadster_arrival_rocket_small, layout_basic
D:2:      layout_loops_corners, serial_shops, nicolae_diamond_shop, shop,
          nicolae_shop_pleasant_corner_grove, shop, uniq_jessica
D:3:      layout_basic, zin_statuary, kennysheep_cross_bottleneck
D:4:      gammafunk_cloud_chamber, layout_loops_ring, gup_sewer_entry_pipe
D:5:      layout_loops_corners, mainiacjoe_overflow_concentric_impassable,
          gammafunk_ghost_gnarly_gnolls
D:6:      gammafunk_wand_slinger, layout_basic, chequers_serial_rivers_large_b,
          uniq_pikel
D:7:      layout_basic, nicolae_overflow_hidden_temple,
          minmay_temple_entry_statues_pillars
D:8:      layout_cave_pods, lair_entry_dummy
Temple:   hellmonk_temple_of_storms
Lair:1:   layout_big_grid
Lair:2:   lemuel_ratsnest, layout_misc_corridors, minmay_shoals_entry_hut,
          nicolae_snake_entry_warm_welcome, gammafunk_ghost_split,
          beast_lair_carwin_6, infiniplex_staircase_pool, uniq_urug
Lair:3:   layout_hall_layers, grunt_megastairs_3, uniq_sonja
Lair:4:   layout_regular_city, slime_entry_1, uniq_rupert, uniq_josephine

Skill      XL: |  1  2  3  4  5  6  7  8  9 10 11 12 13 |
---------------+----------------------------------------+-----
Fighting       | 1 2 3 4 5 7 9 10 11 12 | 12.0
Dodging        | 3 4 5 6 8 10 11 12 13 | 13.2
Spellcasting   | 4 5 6 8 9 10 11 | 11.2
Conjurations   | 4 5 6 8 9 10 11 | 11.2
Hexes          | 4 5 6 8 9 10 11 | 11.2
Summonings     | 4 5 6 8 9 10 11 | 11.2
Necromancy     | 4 5 6 8 9 10 11 | 11.2
Translocations | 4 5 6 8 9 10 11 | 11.2
Fire Magic     | 4 5 6 8 9 10 11 | 11.2
Ice Magic      | 4 5 6 8 9 10 11 | 11.2
Air Magic      | 4 5 6 8 9 10 11 | 11.2
Earth Magic    | 4 5 6 8 9 10 11 | 11.2
Alchemy        | 4 5 6 8 9 10 11 | 11.2
Stealth        | |  1.5

Action                     |  1- 3 |  4- 6 |  7- 9 | 10-12 | 13-15 || total
---------------------------+-------+-------+-------+-------+-------++-------
  Melee: Dagger            |    38 |    99 |   289 |   103 |    17 ||   546
         Punch             |     1 |       |     6 |     1 |       ||     8
   Cast: Freeze            |    27 |    45 |    12 |    11 |       ||    95
         Scorch            |       |     2 |    19 |    78 |    14 ||   113
         Frozen Ramparts   |       |     2 |    25 |    59 |     9 ||    95
         Summon Ice Beast  |       |       |    15 |    51 |     9 ||    75
         Ozocubu's Armour  |       |       |     3 |     8 |     2 ||    13
         Summon Small Mamm |       |       |       |     1 |       ||     1
         Borgnjor's Vile C |       |       |       |       |     2 ||     2
 Invoke: Curse Item        |       |       |       |     4 |     1 ||     5
    Use: Scroll            |       |     7 |     1 |     8 |     1 ||    17
         Potion            |       |       |       |     6 |     1 ||     7
   Stab: Sleeping          |     1 |     5 |     4 |     1 |       ||    11
         Distracted        |       |       |     1 |       |       ||     1
 Armour: Robe              |    29 |    56 |   153 |   147 |    49 ||   434
  Dodge: Dodged            |    22 |    73 |   198 |   208 |    58 ||   559
  Block: Buckler           |       |       |       |    34 |    18 ||    52
